 Dungeon Crawl Stone Soup version 0.17.1-3-g152610e (webtiles) character file.

909 moxian the Ducker (level 8, -1/60 HPs)
             Began as a Human Wanderer on Apr 20, 2016.
             Was an Initiate of the Shining One.
             Slain by an orc
             ... wielding a +0 short sword
              (3 damage)
             ... on level 4 of the Dungeon.
             The game lasted 00:28:41 (6574 turns).

moxian the Ducker (Human Wanderer)                  Turns: 6574, Time: 00:28:43

Health: -1/60      AC:  4    Str: 15    XL:     8   Next: 29%
Magic:  8/8        EV: 16    Int: 10    God:    the Shining One [......]
Gold:   208        SH:  0    Dex: 17    Spells: 0 memorised, 7 levels left

rFire  . . .     SeeInvis .     p - +0 falchion
rCold  + . .     Clarity  .     I - +2 robe {rC+}
rNeg   . . .     SustAt   .     (no shield)
rPois  .         Gourm    .     (no helmet)
rElec  .         Spirit   .     (no cloak)
rCorr  .         Warding  .     (no gloves)
rMut   .         Stasis   .     (no boots)
MR     .....                    (no amulet)
Stlth  +++.......               (no ring)
                                z - +2 ring of strength

@: not resistant to hostile enchantments, fairly stealthy
A: no striking features
a: Renounce Religion


You were on level 4 of the Dungeon.
You worshipped the Shining One.
The Shining One was noncommittal.
You were not hungry.

You visited 2 branches of the dungeon, and saw 5 of its levels.
You also visited: Sewer.

You collected 208 gold pieces.

Inventory:

Hand Weapons
 a - a +2 dagger of venom
 b - a +2 mace of protection
 p - a +0 falchion (weapon)
 s - a cursed -2 dagger
 u - a +0 hunting sling of freezing
 w - a +1 spear of venom
 y - a +0 battleaxe
 J - a +0 blowgun
 L - a +0 war axe
 M - a +0 whip of electrocution
Missiles
 g - 146 stones
 h - 41 arrows
 k - 27 sling bullets
 m - 20 arrows of frost
 o - 6 tomahawks (quivered)
 r - 26 poisoned needles
 A - 7 needles of frenzy
 F - 8 silver sling bullets
Armour
 e - a +0 robe
 I - a +2 robe of cold resistance (worn)
 K - a +0 leather armour
Jewellery
 z - a +2 ring of strength (left hand)
Wands
 t - a wand of confusion (25)
Scrolls
 i - 2 scrolls of fog {unknown}
 j - 2 scrolls of random uselessness {unknown}
 v - 3 scrolls of identify {unknown}
 x - 2 scrolls of remove curse {unknown}
 C - 2 scrolls of magic mapping {unknown}
 D - 3 scrolls of recharging {unknown}
 E - 2 scrolls of teleportation {unknown}
 H - a scroll of blinking {unknown}
Potions
 c - 3 potions of heal wounds
 d - 4 potions of curing
 n - 2 potions of lignification {unknown}
 q - 2 potions of might
 B - a potion of brilliance {unknown}
 G - a potion of haste {unknown}
Comestibles
 f - 2 bread rations
 l - 2 beef jerkies
 N - 8 chunks of flesh


   Skills:
 + Level 4.0 Fighting
 + Level 2.7(3.2) Short Blades
 + Level 2.6(3.2) Long Blades
 * Level 1.4 Maces & Flails
 + Level 0.6 Throwing
 + Level 3.4 Armour
 + Level 5.8 Dodging
 - Level 4.0 Stealth
 + Level 1.0 Evocations


You had 7 spell levels left.
You didn't know any spells.

Dungeon Overview and Level Annotations

Branches:
Dungeon (4/15)             Temple (1/1) D:4

Altars:
Cheibriados
Elyvilon
Fedhas
Gozag
Kikubaaqudgha
Makhleb
Nemelex Xobeh
Ru
Sif Muna
Trog
Vehumet
Xom
Yredelemnul
Zin
The Shining One

Shops:
D:4 *

Portals:
Abyss: D:1***

Annotations:
D:3 exclusion: upstairs, Tobisume's ghost, amateur DsGl


Message History

The orc wizard closely misses you. The orc closely misses you.
You closely miss the orc wizard.
The orc wizard is severely wounded.
The orc wizard casts a spell at you. The puff of frost hits you! You resist.
* * * LOW HITPOINT WARNING * * *
The orc hits you but does no damage.
You hit the orc wizard.
The orc wizard is severely wounded.
The orc wizard hits you but does no damage.
The orc barely misses you.
The orc wizard casts a spell.
The orc wizard seems to speed up.
You hit the orc wizard but do no damage.
The orc wizard is severely wounded.
The orc wizard casts a spell at you. The magic dart hits you!
* * * LOW HITPOINT WARNING * * *
The orc hits you with a short sword.
You die...

## .. ..... ####### .#
#...####. #.....# .# ....
... #.%...## .####...
#.###......# .....#.#
#......#...## ...#.#.#
#............
...#...#####......#...##
................@o# ##
.............#.#†o......
.##..........#.#.#########
.....#.#.......#.........##
.................)o......(..
.....#.#.#####)#####.....#..
.#####.#.#.....# ######.. .#
#.#.#.....# #######..
.#####...#..##.# #........


You could see an orc wizard and an orc.

Vanquished Creatures
  Sigmund (D:3)
  2 giant frogs (Sewer)
  A crimson imp (D:4)
  An orc wizard (D:3)
  A hound (D:4)
  A giant frog skeleton (D:4)
  An iguana (D:4)
  3 worker ants (D:4)
  A hound skeleton (D:4)
  5 gnolls (D:4)
  20 adders
  A river rat (Sewer)
  2 oozes (Sewer)
  3 worms
  6 orcs
  7 giant cockroaches
  12 goblins
  13 hobgoblins
  11 jackals
  15 kobolds
  3 quokkas
  11 ball pythons
  A ball python skeleton (D:4)
  14 bats
  6 giant geckos
  3 giant newts
  37 rats
182 creatures vanquished.

Notes
Turn   | Place    | Note
--------------------------------------------------------------
     0 | D:1      | moxian the Human Wanderer began the quest for the Orb.
     0 | D:1      | moxian set off with: a +2 dagger, a potion of heal wounds, a +0 falchion, a potion of curing, a +0 robe, a bread ration
     0 | D:1      | Reached XP level 1. HP: 16/16 MP: 1/1
   208 | D:1      | Reached XP level 2. HP: 9/22 MP: 2/2
   661 | D:1      | Reached skill level 1 in Dodging
   710 | D:1      | Reached XP level 3. HP: 25/27 MP: 3/3
  1652 | D:2      | Found a glowing golden altar of the Shining One.
  1654 | D:2      | Found a white marble altar of Elyvilon.
  1705 | D:2      | Reached XP level 4. HP: 33/33 MP: 4/4
  2027 | D:2      | Found a white marble altar of Elyvilon.
  2428 | D:3      | Noticed Tobisume's ghost (amateur DsGl)
  2509 | D:2      | Reached XP level 5. HP: 13/39 MP: 5/5
  2904 | D:3      | Reached skill level 1 in Short Blades
  3165 | D:3      | Noticed Sigmund
  3211 | D:4      | Found a staircase to the Ecumenical Temple.
  3221 | D:4      | Reached XP level 6. HP: 22/47 MP: 6/6
  3229 | D:4      | Found a glowing drain.
  3275 | Sewer    | Entered a sewer
  4384 | Sewer    | Reached XP level 7. HP: 21/52 MP: 7/7
  4593 | Sewer    | Reached skill level 4 in Dodging
  4722 | Temple   | Entered the Ecumenical Temple
  5130 | D:3      | Killed Sigmund
  5130 | D:3      | Reached skill level 5 in Dodging
  5303 | D:2      | Became a worshipper of the Shining One
  5642 | D:4      | Reached XP level 8. HP: 54/60 MP: 8/8
  5679 | D:4      | Found Giott's Goods Gallery.
  5679 | D:4      | Noticed an ogre
  6009 | D:4      | Reached skill level 1 in Maces & Flails
  6072 | D:4      | HP: 3/60 [gnoll (4)]
  6323 | D:4      | Noticed an ogre
  6455 | D:4      | Found a radiant altar of Vehumet.
  6574 | D:4      | HP: 2/60 [orc wizard/magic dart (6)]
  6574 | D:4      | Slain by an orc

Action                   |  1- 3 |  4- 6 |  7- 9 || total
-------------------------+-------+-------+-------++-------
Melee: Falchion          |    66 |       |   155 ||   221
       Dagger            |    43 |   256 |    44 ||   343
       Mace              |     4 |     4 |    33 ||    41
Throw: Tomahawk          |       |       |     9 ||     9
  Use: Potion            |       |       |     5 ||     5
 Stab: Sleeping          |     5 |     9 |     6 ||    20
       Distracted        |       |       |     1 ||     1
  Eat: Chunk             |     2 |     9 |     8 ||    19
